 Dungeon Crawl Stone Soup version 0.31-a0-217-g58bb5d79cf (webtiles) character file.

Game seed: 5330999470046582506

15304 Gargoyl the Cleaver (level 12, -6/77 HPs)
             Began as a Gargoyle Berserker on July 3, 2023.
             Was a Believer of Trog.
             Shot with an arrow by Nessos (18 damage)
             ... on level 3 of the Lair of Beasts.
             The game lasted 00:15:14 (11767 turns).

Gargoyl the Cleaver (Gargoyle Berserker)           Turns: 11767, Time: 00:15:15

Health: -6/77      AC: 24    Str: 19 (21) XL:     12   Next: 25%
Magic:  0/12       EV: 11    Int:  8 (9)  God:    Trog [**....]
Gold:   744        SH:  0    Dex: 10 (13) Spells: 11/11 levels left

rFire   + + .        r - +1 battleaxe (venom)
rCold   + . .        (shield currently unavailable)
rNeg    + . .        f - +1 scale mail {rF+}
rPois   ∞            (no helmet)
rElec   +            (no cloak)
rCorr   .            p - +2 pair of gloves {infuse}
SInv    .            c - +1 pair of boots
Will    .....        (no amulet)
Stlth   x              - ring of protection from fire
HPRegen 0.32/turn    u - ring of protection from cold
MPRegen 0.13/turn

%: no passive effects
@: on berserk cooldown, slowed, studying Armour, very slow
A: sickness immunity, AC +8, negative energy resistance 1, electricity
resistance, torment resistance 1, petrification resistance
a: Renounce Religion, Berserk, Trog's Hand


You were on level 3 of the Lair of Beasts.
You worshipped Trog.
Trog was pleased with you.
You visited 2 branches of the dungeon, and saw 12 of its levels.

You collected 744 gold pieces.

Inventory:

Hand Weapons
 a - a +0 hand axe
 r - a +1 battleaxe of venom (weapon)
Missiles
 e - a throwing net
 g - 30 poisoned darts (quivered)
Armour
 c - a +1 pair of boots (worn)
 f - a +1 scale mail of fire resistance (worn)
 p - a +2 pair of gloves of infusion (worn)
Jewellery
 u - a ring of protection from cold (right hand)
 x - a ring of protection from fire (left hand)
Wands
 b - a wand of mindburst (24)
 i - a wand of flame (30)
 j - a wand of roots (8)
 m - a wand of paralysis (29)
Scrolls
 s - a scroll of enchant armour
 v - a scroll of fog {unknown}
 y - a scroll of identify
 A - a scroll of blinking
Potions
 h - 2 potions of haste
 k - 3 potions of might
 n - 2 potions of cancellation
 o - 3 potions of curing
 z - a potion of mutation {unknown}


   Skills:
 + Level 10.1 Fighting
 + Level 12.7 Axes
 + Level 1.1 Throwing
 + Level 9.4 Armour
 + Level 6.3 Dodging
 + Level 2.4 Stealth


You had 11 spell levels left.
You didn't know any spells.
Your spell library was empty.

Dungeon Overview and Level Annotations

Branches:
Dungeon (9/15)             Temple (0/1) D:7            Lair (3/5) D:9
  Swamp: Lair:2-3    Shoals: Lair:2-3     Snake: Lair:2-3    Spider: Lair:2-3
    Orc: D:9-12

Altars:
Cheibriados
Dithmenos
Gozag
Nemelex Xobeh
Vehumet
Xom
Zin
The Shining One

Annotations:
D:3 2 runed translucent doors, MrAu's ghost, amateur TeCj
Lair:3 Nessos


Innate Abilities, Weirdness & Mutations

You are immune to sickness and miasma.
Your stone body is resilient. (AC +8)
You are immune to poison.
You resist negative energy. (rN+)
You are resistant to electric shocks. (rElec)
You are resistant to unholy torment.
You are immune to petrification.


Message History

It was a potion of degeneration.
There was something very wrong with that liquid.
You feel weakened.
You feel dopey.
You feel clumsy.
Nessos mumbles some strange words.
Nessos blinks!
Nessos gestures wildly while chanting.
Nessos blinks!
Nessos begs for mercy.
Nessos gestures wildly while chanting.
Nessos blinks!
You barely miss Nessos.
Nessos gestures wildly while chanting.
Nessos blinks!
Nessos casts a spell.
Nessos blinks!
Nessos gestures wildly while chanting.
Nessos blinks!
You slash Nessos!
Nessos is poisoned.
Your attack snaps Nessos out of their fear.
Nessos is lightly wounded.
Nessos unwields a +2 longbow of flaming.
It stops flaming.
Nessos wields a +0 mace.
Nessos hits you with a +0 mace! Nessos kicks you but does no damage.
Nessos hits you but does no damage. Nessos kicks you but does no damage.
Nessos barely misses you. Nessos closely misses you.
Nessos casts a spell.
Nessos blinks!
This is a scroll of acquirement!
You see here a manual of Armour.
Something appears at your feet!
Nessos unwields a +0 mace.
Nessos wields a +2 longbow of flaming.
It bursts into flame!
Nessos shoots an arrow.
The arrow hits you.
Nessos shoots an arrow.
The arrow hits you.
* * * LOW HITPOINT WARNING * * *
You pick up a manual of Armour and begin studying.
Nessos shoots an arrow.
The arrow hits you.
* * * LOW HITPOINT WARNING * * *
Nessos shoots an arrow.
The arrow hits you!
* * * LOW HITPOINT WARNING * * *
Nessos shoots an arrow.
The arrow hits you!!
You die...

..... ..... ....
... #.## ##..#
###.††# ###
###P#+..###.#
##......@....##.##
#.c................
##..........P#.....
#...........###...
#........P.## +.
########P...#
#..P## ##.## ..#


You could see Nessos (fast, very poisoned).

Vanquished Creatures
  A hydra (Lair:3)
  3 death yaks
  Urug (Lair:1)
  Sonja (Lair:1)
  A black mamba (Lair:3)
  A kobold demonologist (D:9)
  A rime drake (Lair:2)
  6 cane toads
  2 komodo dragons (Lair:1)
  2 trolls (D:9)
  Grinder (D:5)
  5 blink frogs (Lair:2)
  8 yaks
  2 steam dragons
  2 basilisks
  4 wyverns
  The ghost of mn3067 the Shooter, an amateur GrHu (D:4)
  7 water moccasins
  6 black bears
  An orc warrior (D:9)
  An ice beast (D:7)
  2 sky beasts
  4 wolves
  5 ogres
  2 centaurs
  A phantom (D:5)
  2 kobold brigands (D:7)
  8 bullfrogs
  A gnoll sergeant (D:9)
  3 wights (D:8)
  5 scorpions
  3 killer bees (D:8)
  A howler monkey (D:9)
  An electric eel (Lair:1)
  3 orc priests
  2 jellies
  A gnoll bouda (D:8)
  5 hounds
  2 sleepcaps
  6 iguanas
  10 orc wizards
  A mummy (D:4)
  8 adders
  12 gnolls
  2 shadow imps
  3 white imps
  4 dart slugs
  34 orcs
  3 ball pythons
  7 endoplasms
  2 giant cockroaches
  3 goblins
  9 hobgoblins
  2 jackals (D:3)
  10 kobolds
  4 quokkas
  4 bats
  A frilled lizard (D:3)
  3 rats (D:3)
236 creatures vanquished.

Notes
Turn   | Place    | Note
-------+----------+-------------------------------------------
     0 | D:1      | Gargoyl the Gargoyle Berserker began the quest for the Orb.
     0 | D:1      | Reached XP level 1. HP: 14/14 MP: 1/1
   145 | D:1      | Reached XP level 2. HP: 19/19 MP: 2/2
   202 | D:1      | Reached skill level 3 in Axes
   505 | D:2      | Reached XP level 3. HP: 15/24 MP: 3/3
   735 | D:2      | Found a faded altar of an unknown god.
  1214 | D:3      | Found a large runed translucent door.
  1214 | D:3      | Found a large runed translucent door.
  1216 | D:3      | Noticed MrAu's ghost (amateur TeCj)
  1296 | D:3      | Reached ** piety under Trog
  1297 | D:3      | Reached XP level 4. HP: 29/29 MP: 4/4
  1317 | D:3      | Reached skill level 4 in Axes
  1388 | D:3      | Reached XP level 5. HP: 33/33 MP: 5/5
  1763 | D:3      | Found a shimmering altar of Xom.
  2206 | D:4      | Noticed an ogre
  2214 | D:4      | Killed an ogre
  2215 | D:4      | Reached skill level 5 in Axes
  2215 | D:4      | Reached XP level 6. HP: 38/38 MP: 6/6
  2296 | D:4      | Found a snail-covered altar of Cheibriados.
  2383 | D:4      | Found a runed translucent gate.
  2383 | D:4      | Found a runed translucent gate.
  2384 | D:4      | Found a runed translucent gate.
  2385 | D:4      | Found an opulent altar of Gozag.
  2579 | D:4      | Noticed mn3067's ghost (amateur GrHu)
  3059 | D:4      | Reached XP level 7. HP: 44/44 MP: 7/7
  3066 | D:4      | Killed mn3067's ghost
  3133 | D:5      | Entered Level 5 of the Dungeon
  3143 | D:5      | Reached skill level 6 in Axes
  3153 | D:5      | Reached skill level 5 in Fighting
  3280 | D:5      | Reached XP level 8. HP: 39/49 MP: 8/8
  3503 | D:5      | Noticed Grinder
  3518 | D:5      | Paralysed by Grinder for 3 turns
  3532 | D:5      | Killed Grinder
  3533 | D:5      | Reached skill level 5 in Armour
  3535 | D:5      | Reached skill level 7 in Axes
  4178 | D:6      | Found a radiant altar of Vehumet.
  4178 | D:6      | Found a sparkling altar of Nemelex Xobeh.
  4178 | D:6      | Found a shadowy altar of Dithmenos.
  4259 | D:6      | Reached skill level 1 in Stealth
  4562 | D:6      | Reached XP level 9. HP: 42/55 MP: 9/9
  4977 | D:6      | Reached skill level 8 in Axes
  5764 | D:7      | Found a glowing silver altar of Zin.
  6136 | D:7      | Found a staircase to the Ecumenical Temple.
  6145 | D:7      | Reached skill level 9 in Axes
  6756 | D:8      | Identified the +1 scale mail of Follow the Leader {rPois
                  | Str+3}
  6788 | D:8      | Reached XP level 10. HP: 63/63 MP: 0/10
  7296 | D:9      | Found a staircase to the Lair.
  7313 | D:8      | Reached skill level 5 in Dodging
  7400 | D:8      | Reached skill level 10 in Axes
  8408 | D:9      | Found a glowing golden altar of the Shining One.
  8510 | D:9      | Noticed a kobold demonologist
  8524 | D:9      | Killed a kobold demonologist
  9063 | Lair:1   | Entered Level 1 of the Lair of Beasts
  9153 | Lair:1   | Noticed a cane toad
  9164 | Lair:1   | Killed a cane toad
  9232 | Lair:1   | Noticed a death yak
  9233 | Lair:1   | Noticed a death yak
  9233 | Lair:1   | Noticed a death yak
  9265 | Lair:1   | Killed a death yak
  9266 | Lair:1   | Reached XP level 11. HP: 24/69 MP: 0/11
  9272 | Lair:1   | Noticed Sonja
  9393 | Lair:1   | Noticed Urug
  9409 | Lair:1   | Killed Urug
  9410 | Lair:1   | Reached skill level 11 in Axes
  9526 | Lair:1   | Killed Sonja
  9762 | Lair:1   | Killed a death yak
 10705 | Lair:2   | Reached skill level 12 in Axes
 10706 | Lair:2   | Killed a death yak
 10713 | Lair:2   | HP: 5/108 [cane toad (14)]
 10725 | Lair:2   | Reached XP level 12. HP: 24/77 MP: 0/12
 11027 | Lair:2   | Identified the +3 chain mail of Tenacity {Harm Dex+2}
 11356 | Lair:3   | Noticed Nessos
 11748 | Lair:3   | Noticed a four-headed hydra
 11755 | Lair:3   | Reached skill level 1 in Throwing
 11757 | Lair:3   | Reached skill level 10 in Fighting
 11760 | Lair:3   | Killed a nine-headed hydra
 11766 | Lair:3   | Identified a scroll of acquirement
 11766 | Lair:3   | Acquired a manual of Armour
 11767 | Lair:3   | Shot with an arrow by Nessos

Illustrated notes

Levels and vault maps discovered:
D:1:      eino_arrival_water_star, layout_rooms, chequers_serial_rivers_room_a
D:2:      cheibrodos_old_hovel, layout_basic, hellmonk_ecumenical_altar_run_dry
D:3:      layout_basic, lemuel_tele_altar, ebering_ghost_disaster_area,
          minmay_randomly_rotated_circles
D:4:      layout_basic, slow_altar_1, ebering_ghost_gozag
D:5:      layout_basic, minmay_pentangle, uniq_grinder
D:6:      layout_loops_corners, gammafunk_temple_overflow_forgotten
D:7:      layout_rooms, kennysheep_little_box, temple_green, kennysheep_potato
D:8:      layout_layer_cave, nicolae_straight_to_the_point
D:9:      layout_basic, tso_metal_star, minmay_lair_entry_grove
Lair:1:   layout_regular_city, minivault_19, serial_bayou_shore_a, uniq_sonja,
          uniq_urug
Lair:2:   layout_roguey
Lair:3:   layout_roguey, minmay_shoals_entry_beasts,
          nicolae_spider_entry_tight_spaces, uniq_nessos

Skill      XL: |  1  2  3  4  5  6  7  8  9 10 11 12 |
---------------+-------------------------------------+-----
Axes           | 3 4 5 6 7 9 10 12 | 12.7
Dodging        | 2 3 4 5 6 |  6.3
Fighting       | 4 5 6 7 8 9 10 | 10.1
Armour         | 3 4 5 7 9 |  9.4
Stealth        | 1 2 |  2.4
Throwing       | 1 |  1.1

Action                     |  1- 3 |  4- 6 |  7- 9 | 10-12 || total
---------------------------+-------+-------+-------+-------++-------
  Melee: Hand axe          |   113 |   182 |   436 |   236 ||   967
         Punch             |       |       |     7 |     6 ||    13
         Battleaxe         |       |       |       |   123 ||   123
  Throw: Dart              |       |     1 |       |     7 ||     8
 Invoke: Berserk           |       |     6 |    12 |    12 ||    30
         Trog's Hand       |       |     3 |    11 |    15 ||    29
    Use: Scroll            |     1 |     4 |     8 |     6 ||    19
         Potion            |       |     1 |     2 |     8 ||    11
 Armour: Animal skin       |    31 |       |       |       ||    31
         Ring mail         |    26 |   112 |    87 |       ||   225
         Steam dragon scal |       |       |   129 |       ||   129
         Scale mail        |       |       |    66 |   277 ||   343
  Dodge: Dodged            |    98 |   107 |   309 |   273 ||   787

Table legend: (Time is in decaauts)
 A = Elapsed time spent in this place.
 B = Non-inter-level travel time spent in this place.
 C = Inter-level travel time spent in this place.
 D = Time resting spent in this place.
 E = Time spent auto-exploring this place.
 F = Levels seen in this place.
 G = Mean time per level.
                   A        B        C        D        E       F      G
               +--------+--------+--------+--------+--------+-----+--------+
         Total |  11972 |  11595 |    377 |   1066 |   8113 |  12 |  997.7 |
       Dungeon |   9208 |   8856 |    352 |    463 |   6452 |   9 | 1023.1 |
          Lair |   2763 |   2738 |     25 |    603 |   1661 |   3 |  921.0 |
               +--------+--------+--------+--------+--------+-----+--------+

Top non-repeatable levels by time:
     D:8: 1575 daAuts
  Lair:1: 1564 daAuts
     D:9: 1267 daAuts
     D:6: 1255 daAuts
     D:3: 1137 daAuts
     D:7: 1027 daAuts
     D:4: 979 daAuts
  Lair:2: 934 daAuts
     D:5: 863 daAuts
     D:2: 664 daAuts
     D:1: 437 daAuts
  Lair:3: 264 daAuts
